 Dungeon Crawl Stone Soup version 0.30-a0-779-g7971cf19c3 (webtiles) character file.

Game seed: 2657733048219695909

308 Leeroy the Covered (level 6, 0/45 HPs)
             Began as a Vine Stalker Warper on Feb 17, 2023.
             Succumbed to Duvessa's poison
             ... on level 4 of the Dungeon.
             The game lasted 00:04:13 (2190 turns).

Leeroy the Covered (Vine Stalker Warper)            Turns: 2190, Time: 00:04:14

Health: 0/45       AC:  7    Str:  9    XL:     6   Next: 40%
Magic:  10/10      EV: 10    Int: 13    God:
Gold:   161        SH:  0    Dex: 17    Spells: 7/9 levels left

rFire   . . .      SeeInvis .    y - +6 falchion of Hepliaklqana's Scorn {flame, Will+ rCorr Str-5 Dex+2}
rCold   . . .      Faith    .    (no shield)
rNeg    . . .      Spirit   +    C - +0 ring mail
rPois   .          Reflect  .    u - +0 helmet
rElec   .          Harm     .    (no cloak)
rCorr   +          Rampage  .    (no gloves)
Will    +....                    (no boots) Stlth
                                 (no amulet)
HPRegen 1.07/turn                (no ring)
MPRegen 0.12/turn                (no ring)

@: confused, berserking, lethally poisoned (0 -> -3), ambrosia-drunk, very quick
A: fangs 2, regeneration 1, magic shield, antimagic bite, no potion heal 2
a: no special abilities


You were on level 4 of the Dungeon.
You visited 1 branch of the dungeon, and saw 4 of its levels.

You collected 161 gold pieces.

Inventory:

Hand Weapons
 a - a +0 falchion
 g - a +4 hand axe
 y - the +6 falchion of Hepliaklqana's Scorn (weapon) {flame, Will+ rCorr Str-5 Dex+2}
   (You found it on level 3 of the Dungeon)

   Str:       It affects your strength (-5).
   Dex:       It affects your dexterity (+2).
   rCorr:     It protects you from acid and corrosion.
   Will:      It increases your willpower.
Missiles
 d - 7 boomerangs of dispersal (quivered)
 f - 6 poisoned darts
 v - 6 boomerangs
Armour
 b - a +0 leather armour
 h - a +0 scale mail
 p - a +0 plate armour
 u - a +0 helmet (worn)
 B - a +0 robe
 C - a +0 ring mail (worn)
Magical Staves
 q - a staff of earth
Jewellery
 r - a +6 ring of intelligence
Scrolls
 i - 2 scrolls of identify {unknown}
 k - a scroll of poison {unknown}
 n - a scroll of vulnerability {unknown}
 t - a scroll of amnesia {unknown}
 w - a scroll of teleportation {unknown}
 x - a scroll of magic mapping {unknown}
Potions
 e - a potion of heal wounds {unknown}
 j - 2 potions of ambrosia
 l - 2 potions of might {unknown}
 m - 3 potions of curing {unknown}
 o - a potion of berserk rage
 s - 2 potions of attraction {unknown}
 z - a potion of lignification {unknown}
 A - a potion of invisibility
 D - a potion of cancellation {unknown}


   Skills:
 - Level 2.1 Fighting
 - Level 3.3 Long Blades
 - Level 0.8 Throwing
 - Level 4.0 Armour
 + Level 2.1 Dodging
 - Level 2.1 Spellcasting
 - Level 3.0 Translocations


You had 7 spell levels left.
You knew the following spells:

 Your Spells              Type           Power      Damage    Failure   Level
a - Blink                 Tloc           18%        N/A       28%         2

Your spell library contained the following spells:

 Spells                   Type           Power      Damage    Failure   Level
 Lesser Beckoning         Tloc           18%        N/A       28%         2
 Teleport Other           Tloc           9%         N/A       50%         3
 Magic Dart               Conj           4%         1d3       54%         1
 Call Imp                 Summ           1%         N/A       69%         2
 Vhi's Electric Charge    Tloc/Air       10%        N/A       71%         3
 Manifold Assault         Tloc           9%         N/A       88%         4
 Mephitic Cloud           Conj/Pois/Air  1%         N/A       89%         3


Dungeon Overview and Level Annotations

Branches:
Dungeon (4/15)
 Temple: D:4-7

Altars:
Cheibriados
Kikubaaqudgha
Makhleb
Nemelex Xobeh

Annotations:
D:4 Duvessa


Innate Abilities, Weirdness & Mutations

You have extremely sharp teeth.
Your natural rate of healing is unusually fast.
When hurt, damage is shared between your health and your magic reserves.
Your bite disrupts and absorbs the magic of your enemies.
Potions cannot restore your health.


Message History

Dowan hits you with a +0 dagger. Dowan attacks as you move away!
Dowan barely misses you.
You feel very sick. Dowan attacks as you move away! Dowan closely misses you.
You feel sick. Dowan attacks as you move away! Dowan hits you with a +0 dagger.
You feel sick.
You hit Dowan. You burn Dowan.
You kill Dowan!
Duvessa weeps, and shakes her weapon.
Duvessa goes berserk!
You feel sick.
Your Dodging skill increases to level 2!
You hit Duvessa. You burn Duvessa.
Duvessa is moderately wounded.
You feel sick.
Duvessa hits you with a +3 short sword of venom!
You are more poisoned.
Duvessa hits you with a +3 short sword of venom.
* * * LOW HITPOINT WARNING * * *
You are lethally poisoned!
Blink to where?
Press: ? - help, Dir - move target
As you read the scroll of blinking, it crumbles to dust.
* * * LOW HITPOINT WARNING * * *
You feel very sick.
It was a potion of ambrosia.
You are confused.
Your system rejects the healing.
You feel invigorated.
* * * LOW HITPOINT WARNING * * *
You feel very sick.
It was a potion of berserk rage.
A red film seems to cover your vision as you go berserk!
You feel yourself moving faster!
You feel mighty!
* * * LOW HITPOINT WARNING * * *
You feel very sick.
You are too berserk!
You bump into the rock wall.
You feel a strong urge to attack something.
* * * LOW HITPOINT WARNING * * *
You feel sick.
Unknown command.
You die...

#####...##....########
........###.### #.#
##....(.# #.### #.#
........# #...# #.#
........# ###.# #.#
........# #.# #.#
........#####.# #.#
...........>..######.#####
........#####...@e.....).###
........# #..##..######...#
######.## #.####.# ###.# ##
#. #.# #.# . #. #.# #.# #.
## #.# #.# #.#####.#.# # #.#
#.......#.. .. ..#
####################### #.#


You could see Duvessa (berserk).

Vanquished Creatures
  Dowan (D:4)
  A hound (D:4)
  An iguana (D:4)
  Natasha (thrice) (D:3)
  6 adders
  A worm (D:2)
  A dart slug (D:3)
  4 orcs
  4 bats
  5 endoplasms
  4 giant cockroaches
  7 goblins
  5 hobgoblins
  3 jackals (D:3)
  8 kobolds
  2 quokkas
  7 ball pythons
  3 frilled lizards (D:1)
  3 rats
69 creatures vanquished.

Notes
Turn   | Place    | Note
-------+----------+-------------------------------------------
     0 | D:1      | Leeroy the Vine Stalker Warper began the quest for the Orb.
     0 | D:1      | Reached XP level 1. HP: 11/11 MP: 4/4
   338 | D:1      | Reached XP level 2. HP: 15/15 MP: 6/6
   831 | D:2      | Reached skill level 1 in Armour
   890 | D:2      | Learned a level 2 spell: Blink
   894 | D:2      | Reached XP level 3. HP: 18/18 MP: 7/7
  1098 | D:2      | Reached skill level 2 in Armour
  1143 | D:2      | Gained mutation: Your natural rate of healing is unusually
                  | fast. [Vine Stalker growth]
  1143 | D:2      | Reached XP level 4. HP: 15/23 MP: 8/8
  1339 | D:3      | Identified the +6 falchion of Hepliaklqana's Scorn {flame,
                  | Will+ rCorr Str-5 Dex+2}
  1374 | D:3      | Found a snail-covered altar of Cheibriados.
  1393 | D:3      | Noticed Natasha
  1400 | D:3      | Killed Natasha
  1401 | D:3      | Reached skill level 3 in Armour
  1429 | D:3      | Reached XP level 5. HP: 26/26 MP: 9/9
  1558 | D:3      | Noticed Natasha
  1570 | D:3      | Killed Natasha
  1664 | D:3      | Found a burning altar of Makhleb.
  1664 | D:3      | Noticed a cacodemon
  1668 | D:3      | Noticed a ynoxinul
  1668 | D:3      | Noticed a hellwing
  1748 | D:3      | Found a sparkling altar of Nemelex Xobeh.
  1767 | D:3      | Noticed Natasha
  1773 | D:3      | Killed Natasha
  1774 | D:3      | Reached skill level 4 in Armour
  1968 | D:4      | Reached XP level 6. HP: 25/30 MP: 8/10
  2039 | D:4      | Found an ancient bone altar of Kikubaaqudgha.
  2172 | D:4      | Noticed Dowan
  2173 | D:4      | Noticed Duvessa
  2184 | D:4      | Killed Dowan
  2188 | D:4      | HP: 1/45 [poisoned by Duvessa]
  2190 | D:4      | Succumbed to Duvessa's poison

Illustrated notes

Levels and vault maps discovered:
D:1:      scummos_arrival_checkerplants, layout_loops_ring,
          minmay_misc_feat_alley
D:2:      layout_basic
D:3:      layout_basic, nemelex_dance_club_becter, kennysheep_slug_shrine,
          makhleb_altar_promises_db, uniq_natasha
D:4:      layout_rooms, mainiacjoe_overflow_tiny_flanked,
          mainiacjoe_overflow_boulevard, serial_co_window_serial,
          co_window_corner_a, co_window_corner_a, co_window_corner_a,
          co_window_paths_a, co_window_corner_a, co_window_corner_b,
          co_window_broadway_b, co_window_corner_b, co_window_4corner_b,
          co_window_paths_e, glass_columns_a, glass_columns_a,
          nicolae_underground_beach, uniq_robin, uniq_duvessa, uniq_ijyb,
          uniq_crazy_yiuf_cottage

Skill      XL: |  1  2  3  4  5  6 |
---------------+-------------------+-----
Long Blades    | 2 3 |  3.3
Fighting       | 2 |  2.1
Armour         | 1 2 3 4 |  4.0
Dodging        | 2 |  2.1
Throwing       | |  0.8
Spellcasting   | |  2.1
Translocations | |  3.0

Action                     |  1- 3 |  4- 6 || total
---------------------------+-------+-------++-------
  Melee: Falchion          |    10 |    85 ||    95
         Hand axe          |    62 |    10 ||    72
         Bite              |    15 |    14 ||    29
         Punch             |       |     1 ||     1
    Use: Potion            |       |     2 ||     2
         Scroll            |       |     1 ||     1
 Armour: Leather armour    |     5 |       ||     5
         Scale mail        |     6 |    18 ||    24
         Plate armour      |    60 |    23 ||    83
         Ring mail         |       |     4 ||     4
  Dodge: Dodged            |    25 |    28 ||    53

Table legend: (Time is in decaauts)
 A = Elapsed time spent in this place.
 B = Non-inter-level travel time spent in this place.
 C = Inter-level travel time spent in this place.
 D = Time resting spent in this place.
 E = Time spent auto-exploring this place.
 F = Levels seen in this place.
 G = Mean time per level.
                   A        B        C        D        E       F      G
               +--------+--------+--------+--------+--------+-----+--------+
         Total |   2227 |   2117 |    110 |      0 |   1598 |   4 |  556.8 |
       Dungeon |   2227 |   2117 |    110 |      0 |   1598 |   4 |  556.8 |
               +--------+--------+--------+--------+--------+-----+--------+

Top non-repeatable levels by time:
     D:1: 803 daAuts
     D:3: 594 daAuts
     D:2: 496 daAuts
     D:4: 333 daAuts
